[ AOE2 MATCH · #492255220 ]
UnrankedFranks vs Japanese
[ REPLAY ANALYSIS · EXTRACTED FROM THE RECORDED GAME ]
Feudal
11:03
Castle
14:58
Imperial
—
| APM avg | 55.5 |
| APM peak | 107 |
| eAPM avg | 19.6 |
| Villagers / military | 39 / 0 |
Focus
⚔️ 6.5% · 🌾 93.5%
Feudal
11:26
Castle
—
Imperial
—
| APM avg | 48.3 |
| APM peak | 68 |
| eAPM avg | 27.1 |
| Villagers / military | 39 / 0 |
Focus
⚔️ 33.8% · 🌾 66.2%
Feudal
8:26
Castle
—
Imperial
—
| APM avg | 56.4 |
| APM peak | 88 |
| eAPM avg | 20.3 |
| Villagers / military | 40 / 20 |
Focus
⚔️ 38.9% · 🌾 61.1%
Archer ×20
Feudal
9:46
Castle
15:15
Imperial
—
| APM avg | 55.3 |
| APM peak | 95 |
| eAPM avg | 17.1 |
| Villagers / military | 33 / 2 |
Focus
⚔️ 6.8% · 🌾 93.2%
Knight ×2
Feudal
10:32
Castle
—
Imperial
—
| APM avg | 40.2 |
| APM peak | 70 |
| eAPM avg | 17.3 |
| Villagers / military | 46 / 0 |
Focus
⚔️ 9.5% · 🌾 90.5%
Feudal
10:17
Castle
14:17
Imperial
—
| APM avg | 30.9 |
| APM peak | 54 |
| eAPM avg | 13.4 |
| Villagers / military | 30 / 3 |
Focus
⚔️ 30.9% · 🌾 69.1%
Knight ×3
Feudal
11:46
Castle
15:25
Imperial
—
| APM avg | 59.1 |
| APM peak | 106 |
| eAPM avg | 21.5 |
| Villagers / military | 30 / 0 |
Focus
⚔️ 23.3% · 🌾 76.7%
Feudal
9:06
Castle
—
Imperial
—
| APM avg | 56.5 |
| APM peak | 93 |
| eAPM avg | 17.8 |
| Villagers / military | 35 / 19 |
Focus
⚔️ 25.8% · 🌾 74.2%
Archer ×19
Match map
Initial resources + every placement click. Lines = walls · curves = elevation contours. ◆ gold · ⬟ stone · ● berries · ✦ relic · ◌ wall gap
Your base· ✓ Closed at 14:58 · 0t walls · 3 gate(s)
Femto's base· ✓ Closed at 12:00 · 0t walls · 2 gate(s)
丁守中's base· ✓ Closed at 12:00 · 8t walls · 2 gate(s)
doubt->hesitation->prcrstination's base· ✓ Closed at 15:15 · 0t walls · 3 gate(s)
LETHUY QB's base· ✓ Closed at 13:38 · 1t walls · 3 gate(s)
95277's base· ✓ Closed at 14:17 · 0t walls · 2 gate(s)
Ted's base· ✓ Closed at 15:25 · 0t walls · 2 gate(s)
0.o's base· ✓ Closed at 12:00 · 0t walls · 2 gate(s)
Smoothed initial terrain · ◌ = detected wall gap · hover for details
Inputs per minute
— 福宝 - - Femto
Build order — 福宝
62 actions detected in the replay
| 0:02 | Create | Villager (Male) |
| 0:02 | Create | Villager (Male) |
| 0:03 | Create | Villager (Male) |
| 0:03 | Create | Villager (Male) |
| 0:03 | Create | Villager (Male) |
| 0:05 | Build | House |
| 0:06 | Build | House |
| 1:34 | Create | Villager (Male) |
| 1:48 | Build | Lumber Camp |
| 2:04 | Create | Villager (Male) |
| 2:04 | Create | Villager (Male) |
| 2:26 | Create | Villager (Male) |
| 2:26 | Create | Villager (Male) |
| 2:56 | Create | Villager (Male) |
| 2:56 | Create | Villager (Male) |
| 3:18 | Create | Villager (Male) |
| 3:18 | Create | Villager (Male) |
| 3:35 | Build | House |
| 3:42 | Create | Villager (Male) |
| 3:43 | Create | Villager (Male) |
| 4:12 | Create | Villager (Male) |
| 4:36 | Create | Villager (Male) |
| 4:37 | Create | Villager (Male) |
| 4:37 | Create | Villager (Male) |
| 4:41 | Build | Mill |
| 5:23 | Build | House |
| 5:26 | Create | Villager (Male) |
| 5:27 | Create | Villager (Male) |
| 5:44 | Build | House |
| 5:58 | Create | Villager (Male) |
| 5:58 | Create | Villager (Male) |
| 6:03 | Build | Farm |
| 6:16 | Create | Villager (Male) |
| 6:43 | Create | Villager (Male) |
| 6:49 | Build | Farm |
| 7:09 | Create | Villager (Male) |
| 7:12 | Build | Farm |
| 7:58 | Create | Villager (Male) |
| 7:58 | Create | Villager (Male) |
| 8:37 | Build | Mining Camp |
| 8:46 | Research | Feudal Age |
| 9:58 | Create | Villager (Male) |
| 10:13 | Create | Villager (Male) |
| 10:18 | Build | House |
| 11:03 | Age | Feudal Age |
| 11:09 | Build | Blacksmith |
| 11:15 | Build | Market |
| 11:46 | Create | Villager (Male) |
| 11:50 | Build | Lumber Camp |
| 12:04 | Research | Double-Bit Axe |
| 12:12 | Research | Castle Age |
| 12:50 | Create | Villager (Male) |
| 14:58 | Age | Castle Age |
| 15:01 | Create | Villager (Male) |
| 15:01 | Create | Villager (Male) |
| 15:01 | Create | Villager (Male) |
| 15:05 | Build | Town Center |
| 15:11 | Build | Town Center |
| 15:34 | Create | Villager (Male) |
| 15:34 | Create | Villager (Male) |
| 15:34 | Create | Villager (Male) |
| 15:38 | Build | Farm |
Build order — Femto
81 actions detected in the replay
| 0:51 | Build | House |
| 0:52 | Build | House |
| 0:54 | Create | Villager (Male) |
| 0:55 | Create | Villager (Male) |
| 0:55 | Create | Villager (Male) |
| 1:09 | Create | Villager (Male) |
| 2:20 | Create | Villager (Male) |
| 2:39 | Create | Villager (Male) |
| 3:04 | Build | Lumber Camp |
| 3:08 | Create | Villager (Male) |
| 3:24 | Create | Villager (Male) |
| 3:52 | Create | Villager (Male) |
| 4:18 | Build | House |
| 4:19 | Build | House |
| 4:23 | Create | Villager (Male) |
| 4:43 | Create | Villager (Male) |
| 4:52 | Create | Villager (Male) |
| 5:27 | Build | Mill |
| 5:31 | Create | Villager (Male) |
| 5:35 | Build | House |
| 5:42 | Create | Villager (Male) |
| 6:00 | Build | House |
| 6:05 | Create | Villager (Male) |
| 6:37 | Create | Villager (Male) |
| 6:48 | Create | Villager (Male) |
| 7:38 | Build | Lumber Camp |
| 8:01 | Create | Villager (Male) |
| 8:15 | Create | Villager (Male) |
| 8:48 | Create | Villager (Male) |
| 8:57 | Build | Mining Camp |
| 9:09 | Research | Feudal Age |
| 9:21 | Build | Mining Camp |
| 9:58 | Research | Loom |
| 9:59 | Create | Villager (Male) |
| 9:59 | Create | Villager (Male) |
| 10:13 | Build | House |
| 10:58 | Build | House |
| 11:26 | Age | Feudal Age |
| 11:29 | Build | Market |
| 11:33 | Build | Blacksmith |
| 11:48 | Build | Watch Tower |
| 11:50 | Create | Villager (Male) |
| 11:53 | Research | Double-Bit Axe |
| 12:11 | Build | House |
| 12:16 | Build | House |
| 12:18 | Create | Villager (Male) |
| 12:31 | Create | Villager (Male) |
| 12:35 | Create | Villager (Male) |
| 12:39 | Create | Villager (Male) |
| 12:42 | Build | Stone Wall |
| 12:43 | Create | Villager (Male) |
| 12:46 | Build | House |
| 12:48 | Build | House |
| 12:49 | Create | Villager (Male) |
| 12:53 | Build | Stone Wall |
| 12:54 | Build | Stone Wall |
| 12:56 | Build | Stone Wall |
| 12:57 | Create | Villager (Male) |
| 13:04 | Create | Villager (Male) |
| 13:07 | Build | Farm |
| 13:07 | Build | Farm |
| 13:07 | Build | Farm |
| 13:07 | Build | Farm |
| 13:08 | Build | Farm |
| 13:11 | Create | Villager (Male) |
| 13:21 | Build | Gate |
| 13:22 | Create | Villager (Male) |
| 13:30 | Build | Gate |
| 13:45 | Build | House |
| 13:46 | Create | Villager (Male) |
| 13:54 | Create | Villager (Male) |
| 13:58 | Create | Villager (Male) |
| 14:04 | Build | Watch Tower |
| 14:08 | Build | Market |
| 14:11 | Create | Villager (Male) |
| 14:15 | Create | Villager (Male) |
| 14:21 | Create | Villager (Male) |
| 14:28 | Build | House |
| 14:30 | Build | Stone Wall |
| 14:55 | Build | Farm |
| 14:55 | Build | Farm |
Build order — 丁守中
94 actions detected in the replay
| 0:01 | Create | Villager (Male) |
| 0:01 | Create | Villager (Male) |
| 0:02 | Build | House |
| 0:04 | Build | House |
| 0:04 | Create | Villager (Male) |
| 0:10 | Create | Villager (Male) |
| 0:11 | Create | Villager (Male) |
| 1:10 | Create | Villager (Male) |
| 1:10 | Create | Villager (Male) |
| 1:19 | Build | Lumber Camp |
| 1:36 | Create | Villager (Male) |
| 1:36 | Create | Villager (Male) |
| 2:01 | Create | Villager (Male) |
| 2:02 | Create | Villager (Male) |
| 2:27 | Create | Villager (Male) |
| 2:27 | Create | Villager (Male) |
| 2:38 | Create | Villager (Male) |
| 2:56 | Create | Villager (Male) |
| 2:56 | Create | Villager (Male) |
| 3:18 | Create | Villager (Male) |
| 3:18 | Create | Villager (Male) |
| 3:28 | Build | House |
| 3:31 | Build | House |
| 4:00 | Create | Villager (Male) |
| 4:03 | Create | Villager (Male) |
| 4:12 | Create | Villager (Male) |
| 4:12 | Create | Villager (Male) |
| 4:36 | Create | Villager (Male) |
| 4:36 | Create | Villager (Male) |
| 4:36 | Create | Villager (Male) |
| 5:13 | Build | Mining Camp |
| 5:17 | Build | Mining Camp |
| 6:15 | Research | Feudal Age |
| 7:22 | Build | Barracks |
| 7:26 | Build | Palisade Wall |
| 8:26 | Age | Feudal Age |
| 8:28 | Create | Villager (Male) |
| 8:40 | Build | Archery Range |
| 8:46 | Build | Archery Range |
| 8:49 | Create | Villager (Male) |
| 8:55 | Create | Villager (Male) |
| 9:22 | Create | Villager (Male) |
| 9:29 | Build | House |
| 9:35 | Create | Archer |
| 9:35 | Create | Archer |
| 9:46 | Create | Villager (Male) |
| 9:49 | Create | Archer |
| 9:54 | Build | House |
| 10:03 | Build | Mill |
| 10:04 | Create | Archer |
| 10:04 | Create | Archer |
| 10:23 | Build | House |
| 10:28 | Create | Villager (Male) |
| 10:35 | Create | Archer |
| 10:36 | Create | Archer |
| 11:01 | Create | Villager (Male) |
| 11:05 | Build | Blacksmith |
| 11:07 | Build | Palisade Wall |
| 11:26 | Create | Archer |
| 11:26 | Create | Archer |
| 11:27 | Create | Archer |
| 11:28 | Create | Villager (Male) |
| 11:44 | Create | Archer |
| 11:44 | Create | Archer |
| 11:45 | Create | Archer |
| 11:51 | Create | Archer |
| 12:12 | Research | Fletching |
| 12:12 | Research | Fletching |
| 12:24 | Create | Archer |
| 12:24 | Create | Archer |
| 12:30 | Build | Palisade Wall |
| 13:08 | Create | Villager (Male) |
| 13:09 | Create | Villager (Male) |
| 13:11 | Build | Farm |
| 13:13 | Create | Archer |
| 13:14 | Create | Archer |
| 13:20 | Build | House |
| 13:21 | Build | House |
| 13:25 | Build | House |
| 13:26 | Build | House |
| 13:37 | Build | Farm |
| 13:58 | Create | Archer |
| 13:58 | Create | Archer |
| 14:14 | Create | Villager (Male) |
| 14:14 | Create | Villager (Male) |
| 14:16 | Build | Farm |
| 14:18 | Build | Farm |
| 14:29 | Create | Villager (Male) |
| 14:31 | Build | Farm |
| 14:36 | Build | House |
| 14:45 | Create | Villager (Male) |
| 15:00 | Build | Farm |
| 15:19 | Build | Farm |
| 15:20 | Create | Villager (Male) |
Build order — doubt->hesitation->prcrstination
77 actions detected in the replay
| 0:01 | Create | Villager (Male) |
| 0:01 | Create | Villager (Male) |
| 0:03 | Build | House |
| 0:04 | Build | House |
| 0:19 | Create | Villager (Male) |
| 0:19 | Create | Villager (Male) |
| 0:25 | Create | Villager (Male) |
| 1:30 | Create | Villager (Male) |
| 1:30 | Create | Villager (Male) |
| 2:01 | Create | Villager (Male) |
| 2:07 | Build | Lumber Camp |
| 2:26 | Create | Villager (Male) |
| 2:26 | Create | Villager (Male) |
| 2:55 | Create | Villager (Male) |
| 2:55 | Create | Villager (Male) |
| 3:17 | Build | House |
| 3:36 | Create | Villager (Male) |
| 3:41 | Build | Mill |
| 3:46 | Create | Villager (Male) |
| 3:46 | Create | Villager (Male) |
| 3:53 | Build | House |
| 4:01 | Create | Villager (Male) |
| 4:25 | Create | Villager (Male) |
| 5:07 | Create | Villager (Male) |
| 5:22 | Build | House |
| 5:31 | Create | Villager (Male) |
| 5:56 | Build | House |
| 6:02 | Create | Villager (Male) |
| 6:14 | Build | Barracks |
| 6:25 | Create | Villager (Male) |
| 6:55 | Create | Villager (Male) |
| 7:08 | Create | Villager (Male) |
| 7:26 | Build | Mining Camp |
| 7:41 | Research | Feudal Age |
| 9:46 | Age | Feudal Age |
| 9:49 | Create | Villager (Male) |
| 9:49 | Create | Villager (Male) |
| 9:56 | Build | Stable |
| 10:00 | Build | Blacksmith |
| 10:10 | Build | Farm |
| 10:12 | Build | Farm |
| 10:14 | Create | Villager (Male) |
| 10:49 | Create | Villager (Male) |
| 10:58 | Build | Farm |
| 11:01 | Build | Farm |
| 11:13 | Create | Villager (Male) |
| 11:31 | Create | Villager (Male) |
| 11:40 | Build | Farm |
| 11:53 | Build | House |
| 11:55 | Build | House |
| 11:56 | Build | House |
| 12:07 | Create | Villager (Male) |
| 12:33 | Build | Farm |
| 12:49 | Research | Castle Age |
| 12:49 | Research | Castle Age |
| 12:50 | Research | Castle Age |
| 13:00 | Build | House |
| 13:11 | Build | Gate |
| 13:26 | Research | Double-Bit Axe |
| 13:26 | Research | Double-Bit Axe |
| 13:30 | Build | Farm |
| 13:36 | Build | Farm |
| 13:44 | Build | Farm |
| 13:59 | Create | Villager (Male) |
| 14:01 | Build | House |
| 14:21 | Build | Farm |
| 14:30 | Build | Farm |
| 14:33 | Build | Farm |
| 14:37 | Research | Scale Barding Armor |
| 15:02 | Research | Horse Collar |
| 15:05 | Research | Horse Collar |
| 15:05 | Research | Horse Collar |
| 15:15 | Age | Castle Age |
| 15:17 | Create | Villager (Male) |
| 15:19 | Create | Knight |
| 15:20 | Create | Knight |
| 15:32 | Create | Villager (Male) |
Build order — LETHUY QB
78 actions detected in the replay
| 0:02 | Create | Villager (Male) |
| 0:02 | Create | Villager (Male) |
| 0:02 | Create | Villager (Male) |
| 0:03 | Build | House |
| 0:05 | Build | House |
| 0:38 | Create | Villager (Male) |
| 0:38 | Create | Villager (Male) |
| 0:39 | Create | Villager (Male) |
| 1:23 | Create | Villager (Male) |
| 1:57 | Build | Lumber Camp |
| 2:03 | Create | Villager (Male) |
| 2:03 | Create | Villager (Male) |
| 2:17 | Create | Villager (Male) |
| 2:17 | Create | Villager (Male) |
| 2:18 | Create | Villager (Male) |
| 2:49 | Create | Villager (Male) |
| 2:49 | Create | Villager (Male) |
| 2:50 | Create | Villager (Male) |
| 3:05 | Create | Villager (Male) |
| 3:05 | Create | Villager (Male) |
| 3:27 | Build | House |
| 3:37 | Create | Villager (Male) |
| 3:37 | Create | Villager (Male) |
| 4:06 | Build | House |
| 4:09 | Create | Villager (Male) |
| 4:09 | Create | Villager (Male) |
| 4:33 | Create | Villager (Male) |
| 4:33 | Create | Villager (Male) |
| 4:57 | Create | Villager (Male) |
| 4:57 | Create | Villager (Male) |
| 5:16 | Create | Villager (Male) |
| 5:17 | Create | Villager (Male) |
| 5:20 | Create | Villager (Male) |
| 5:20 | Create | Villager (Male) |
| 5:25 | Create | Villager (Male) |
| 5:26 | Create | Villager (Male) |
| 5:35 | Build | Mill |
| 5:44 | Create | Villager (Male) |
| 5:44 | Create | Villager (Male) |
| 6:49 | Create | Villager (Male) |
| 7:11 | Create | Villager (Male) |
| 7:42 | Create | Villager (Male) |
| 8:00 | Research | Feudal Age |
| 8:37 | Build | Palisade Wall |
| 8:52 | Build | Mining Camp |
| 9:16 | Build | Farm |
| 9:20 | Build | Farm |
| 9:23 | Build | Farm |
| 9:52 | Create | Villager (Male) |
| 10:32 | Age | Feudal Age |
| 10:39 | Build | Farm |
| 10:41 | Build | Farm |
| 10:45 | Build | Farm |
| 10:47 | Create | Villager (Male) |
| 11:05 | Create | Villager (Male) |
| 11:20 | Create | Villager (Male) |
| 11:30 | Create | Villager (Male) |
| 11:43 | Build | Market |
| 11:50 | Create | Villager (Male) |
| 11:57 | Research | Loom |
| 12:10 | Build | Blacksmith |
| 12:23 | Build | Watch Tower |
| 12:33 | Create | Villager (Male) |
| 12:33 | Create | Villager (Male) |
| 12:34 | Create | Villager (Male) |
| 12:52 | Build | House |
| 12:54 | Build | House |
| 12:58 | Build | House |
| 13:38 | Research | Castle Age |
| 13:39 | Research | Castle Age |
| 14:06 | Research | Double-Bit Axe |
| 14:06 | Research | Double-Bit Axe |
| 14:34 | Research | Horse Collar |
| 14:34 | Research | Horse Collar |
| 14:51 | Build | Mill |
| 14:59 | Build | Farm |
| 15:01 | Build | Farm |
| 15:02 | Create | Villager (Male) |
Build order — 95277
67 actions detected in the replay
| 0:04 | Build | House |
| 0:05 | Build | House |
| 0:09 | Create | Villager (Male) |
| 0:10 | Create | Villager (Male) |
| 0:10 | Create | Villager (Male) |
| 0:10 | Create | Villager (Male) |
| 0:10 | Create | Villager (Male) |
| 1:43 | Create | Villager (Male) |
| 1:50 | Build | Lumber Camp |
| 2:40 | Create | Villager (Male) |
| 2:40 | Create | Villager (Male) |
| 2:51 | Create | Villager (Male) |
| 2:51 | Create | Villager (Male) |
| 3:19 | Create | Villager (Male) |
| 3:19 | Create | Villager (Male) |
| 3:32 | Build | House |
| 3:44 | Create | Villager (Male) |
| 3:45 | Create | Villager (Male) |
| 3:45 | Create | Villager (Male) |
| 4:08 | Create | Villager (Male) |
| 4:22 | Build | Mill |
| 4:29 | Research | Loom |
| 4:29 | Research | Loom |
| 4:35 | Build | House |
| 4:39 | Create | Villager (Male) |
| 4:39 | Create | Villager (Male) |
| 6:08 | Create | Villager (Male) |
| 6:09 | Create | Villager (Male) |
| 6:33 | Create | Villager (Male) |
| 6:48 | Build | Mining Camp |
| 7:07 | Create | Villager (Male) |
| 7:34 | Create | Villager (Male) |
| 7:47 | Research | Feudal Age |
| 9:14 | Build | Farm |
| 9:15 | Build | Farm |
| 9:45 | Build | Farm |
| 10:17 | Age | Feudal Age |
| 10:18 | Create | Villager (Male) |
| 10:18 | Create | Villager (Male) |
| 10:21 | Build | Market |
| 10:24 | Build | Blacksmith |
| 10:46 | Research | Loom |
| 10:49 | Build | House |
| 10:58 | Create | Villager (Male) |
| 11:23 | Build | House |
| 11:45 | Build | Barracks |
| 11:51 | Research | Castle Age |
| 12:46 | Research | Double-Bit Axe |
| 12:59 | Build | Stable |
| 13:25 | Research | Horse Collar |
| 13:27 | Build | Farm |
| 13:41 | Build | Farm |
| 14:07 | Build | Farm |
| 14:17 | Age | Castle Age |
| 14:17 | Create | Villager (Male) |
| 14:20 | Create | Knight |
| 14:24 | Build | Farm |
| 14:25 | Build | Farm |
| 14:37 | Create | Villager (Male) |
| 14:44 | Build | Farm |
| 14:51 | Create | Knight |
| 15:06 | Create | Villager (Male) |
| 15:10 | Build | Farm |
| 15:25 | Build | Farm |
| 15:29 | Build | Farm |
| 15:34 | Create | Knight |
| 15:35 | Create | Villager (Male) |
Build order — Ted
65 actions detected in the replay
| 0:01 | Create | Villager (Male) |
| 0:01 | Create | Villager (Male) |
| 0:01 | Create | Villager (Male) |
| 0:02 | Create | Villager (Male) |
| 0:03 | Build | House |
| 0:04 | Build | House |
| 1:30 | Create | Villager (Male) |
| 1:31 | Create | Villager (Male) |
| 1:46 | Create | Villager (Male) |
| 1:48 | Build | Lumber Camp |
| 2:22 | Create | Villager (Male) |
| 2:22 | Create | Villager (Male) |
| 2:53 | Create | Villager (Male) |
| 2:57 | Create | Villager (Male) |
| 2:58 | Create | Villager (Male) |
| 3:38 | Create | Villager (Male) |
| 3:51 | Build | House |
| 3:52 | Build | House |
| 3:53 | Build | House |
| 3:59 | Create | Villager (Male) |
| 4:21 | Build | Mill |
| 4:36 | Create | Villager (Male) |
| 4:38 | Create | Villager (Male) |
| 4:38 | Create | Villager (Male) |
| 5:30 | Build | House |
| 5:31 | Build | House |
| 5:49 | Create | Villager (Male) |
| 5:49 | Create | Villager (Male) |
| 6:14 | Create | Villager (Male) |
| 6:46 | Create | Villager (Male) |
| 7:02 | Create | Villager (Male) |
| 7:28 | Build | Lumber Camp |
| 7:33 | Create | Villager (Male) |
| 7:39 | Create | Villager (Male) |
| 7:55 | Build | Farm |
| 7:55 | Build | Farm |
| 8:04 | Build | Farm |
| 8:13 | Create | Villager (Male) |
| 8:53 | Build | Mining Camp |
| 8:56 | Create | Villager (Male) |
| 9:18 | Research | Feudal Age |
| 9:25 | Build | Mining Camp |
| 9:49 | Create | Villager (Male) |
| 9:49 | Create | Villager (Male) |
| 11:11 | Build | Barracks |
| 11:46 | Age | Feudal Age |
| 11:48 | Build | Market |
| 11:52 | Build | Blacksmith |
| 12:20 | Research | Loom |
| 12:30 | Research | Double-Bit Axe |
| 12:32 | Research | Horse Collar |
| 12:45 | Research | Castle Age |
| 12:45 | Research | Castle Age |
| 12:46 | Research | Castle Age |
| 12:51 | Build | House |
| 12:52 | Build | House |
| 12:55 | Build | House |
| 13:08 | Build | House |
| 13:09 | Build | House |
| 13:12 | Build | House |
| 13:13 | Build | House |
| 14:16 | Create | Villager (Male) |
| 14:17 | Create | Villager (Male) |
| 14:58 | Build | Market |
| 15:25 | Age | Castle Age |
Build order — 0.o
74 actions detected in the replay
| 0:00 | Create | Villager (Male) |
| 0:01 | Create | Villager (Male) |
| 0:03 | Build | House |
| 0:05 | Build | House |
| 0:09 | Create | Villager (Male) |
| 0:09 | Create | Villager (Male) |
| 1:24 | Create | Villager (Male) |
| 1:24 | Create | Villager (Male) |
| 1:44 | Build | Lumber Camp |
| 1:52 | Create | Villager (Male) |
| 1:52 | Create | Villager (Male) |
| 2:17 | Create | Villager (Male) |
| 2:18 | Create | Villager (Male) |
| 3:03 | Create | Villager (Male) |
| 3:03 | Create | Villager (Male) |
| 3:13 | Build | House |
| 3:27 | Create | Villager (Male) |
| 3:52 | Create | Villager (Male) |
| 4:39 | Create | Villager (Male) |
| 4:39 | Create | Villager (Male) |
| 4:40 | Create | Villager (Male) |
| 4:52 | Build | Mining Camp |
| 5:46 | Create | Villager (Male) |
| 5:48 | Build | House |
| 5:59 | Create | Villager (Male) |
| 6:56 | Research | Feudal Age |
| 7:43 | Build | Barracks |
| 7:48 | Create | Villager (Male) |
| 8:05 | Create | Villager (Male) |
| 8:08 | Create | Villager (Male) |
| 8:20 | Create | Villager (Male) |
| 9:06 | Age | Feudal Age |
| 9:09 | Build | Archery Range |
| 9:18 | Build | Archery Range |
| 9:25 | Create | Villager (Male) |
| 9:49 | Build | House |
| 9:54 | Research | Double-Bit Axe |
| 9:57 | Create | Villager (Male) |
| 10:16 | Create | Archer |
| 10:16 | Create | Archer |
| 10:30 | Create | Villager (Male) |
| 10:41 | Build | Mill |
| 10:47 | Create | Villager (Male) |
| 10:50 | Create | Archer |
| 10:55 | Create | Archer |
| 10:55 | Create | Archer |
| 10:59 | Create | Villager (Male) |
| 11:07 | Build | House |
| 11:30 | Create | Archer |
| 11:30 | Create | Archer |
| 11:30 | Create | Archer |
| 11:31 | Create | Archer |
| 11:32 | Create | Archer |
| 11:51 | Build | House |
| 11:54 | Create | Villager (Male) |
| 12:14 | Create | Archer |
| 12:14 | Create | Archer |
| 12:16 | Create | Villager (Male) |
| 12:44 | Build | Blacksmith |
| 12:54 | Create | Villager (Male) |
| 12:54 | Create | Villager (Male) |
| 13:02 | Create | Archer |
| 13:03 | Create | Archer |
| 13:03 | Create | Archer |
| 13:23 | Create | Villager (Male) |
| 13:25 | Build | House |
| 13:57 | Research | Fletching |
| 14:00 | Research | Loom |
| 14:39 | Create | Villager (Male) |
| 14:54 | Create | Archer |
| 14:54 | Create | Archer |
| 15:01 | Create | Villager (Male) |
| 15:02 | Create | Archer |
| 15:03 | Create | Archer |
Match timeline
| 6:14 | doubt->hesitation->prcrstination · first_building Barracks |
| 7:22 | 丁守中 · first_building Barracks |
| 7:26 | 丁守中 · wall_segment Palisade Wall x4 |
| 7:43 | 0.o · first_building Barracks |
| 8:26 | 丁守中 · age_up feudal |
| 8:37 | LETHUY QB · wall_segment Palisade Wall x1 |
| 8:40 | 丁守中 · first_building Archery Range |
| 9:06 | 0.o · age_up feudal |
| 9:09 | 0.o · first_building Archery Range |
| 9:46 | doubt->hesitation->prcrstination · age_up feudal |
| 9:56 | doubt->hesitation->prcrstination · first_building Stable |
| 10:17 | 95277 · age_up feudal |
| 10:32 | LETHUY QB · age_up feudal |
| 11:03 | 福宝 · age_up feudal |
| 11:07 | 丁守中 · wall_segment Palisade Wall x4 |
| 11:11 | Ted · first_building Barracks |
| 11:26 | Femto · age_up feudal |
| 11:45 | 95277 · first_building Barracks |
| 11:46 | Ted · age_up feudal |
| 12:30 | 丁守中 · wall_segment Palisade Wall x1 |
| 12:42 | Femto · wall_segment Stone Wall x10 |
| 12:53 | Femto · wall_segment Stone Wall x1 |
| 12:54 | Femto · wall_segment Stone Wall x1 |
| 12:56 | Femto · wall_segment Stone Wall x1 |
| 12:59 | 95277 · first_building Stable |
| 13:37 | LETHUY QB · first_market_sell 100 wood |
| 14:01 | Femto · first_market_buy 100 stone |
| 14:17 | 95277 · age_up castle |
| 14:30 | Femto · wall_segment Stone Wall x1 |
| 14:58 | 福宝 · age_up castle |
| 15:04 | Femto · resign |
| 15:15 | doubt->hesitation->prcrstination · age_up castle |
| 15:25 | Ted · age_up castle |
[ AI ANALYSIS · 1 CREDIT ]
What really happened in this match?
Wolo.gg analyzes every decision: build order, eco, micro, common mistakes by bracket. Personalized analysis on WhatsApp or Discord in 30 seconds.
Civ guide
Franks
Perfil
福宝